Get step-by-step instructions on how to execute this build order below. Start the game timer, and the build order will tick by so you can play in parallel with StarCraft on a second screen or mobile device.

Game Time

  0:00

Last Step

  N/A

Next Step

Upcoming Step



Don't want to look back and forth between 2 screens? Try out our Overwolf App, the Spawning Tool Build Advisor to get an in-game overlay with this build!

Complete Build Order

  12  0:00  Drone  
  13  0:08  Drone  
  14  0:14  Extractor, Drone  
  15  0:21  Overlord  
  15  0:39  Drone  
  16  0:44  Hatchery  
  16  0:49  Drone  
  16  0:51  Drone  
  16  0:55  Drone  
  18  1:06  Extractor  
  18  1:11  Spawning Pool  
  16  1:14  Drone  
  16  1:17  Drone  
  18  1:27  Drone  
  19  1:37  Drone  
  20  1:47  Drone  
  21  1:57  Queen x2  
  21  1:58  Zergling x2  
  21  1:59  Zergling x2  
  27  2:07  Drone  
  28  2:15  Hatchery  
  27  2:18  Drone  
  28  2:28  Roach Warren  
  27  2:32  Drone  
  27  2:43  Overlord  
  27  2:44  Burrow  
  27  2:52  Overlord  
  27  3:08  Roach x4  
  37  3:13  Roach  
  37  3:19  Roach x2  
  41  3:24  Drone x2  
  43  3:31  Roach  
  45  3:42  Drone x2, Overlord  
  45  3:48  Drone x2  
  49  3:56  Overlord  
  49  4:01  Drone x5  
  49  4:02  Roach x5  
  54  4:03  Drone  
  54  4:08  Overlord  
  55  4:10  Roach x3, Drone  
  56  4:19  Drone x2  
  56  4:23  Roach  
  58  4:25  Drone x4  
  58  4:26  Drone  
  58  4:28  Roach x2  
  58  4:30  Drone  
  56  4:31  Drone  
  56  4:37  Drone  
  57  4:40  Drone  
  57  4:43  Queen, Roach  
  57  4:45  Drone x2  
  60  4:49  Drone x3  
  60  4:52  Roach  
  61  4:53  Overlord, Queen  
  61  4:54  Extractor x2  
  61  4:59  Drone x2  
  63  5:02  Roach  
  63  5:06  Roach  
  65  5:08  Queen  
  65  5:09  Roach  
  65  5:10  Roach  
  65  5:13  Drone x2  
  73  5:19  Drone x2, Overlord  
  73  5:20  Lair  
  73  5:24  Roach x2  
  73  5:25  Drone x3  
  78  5:32  Spore Crawler x2  
  78  5:33  Drone  
  78  5:35  Drone x2  
  78  5:40  Drone  
  78  5:41  Extractor  
  79  5:42  Extractor  
  79  5:43  Extractor  
  79  5:45  Drone  
  79  5:47  Drone  
  79  5:51  Overlord  
  79  5:53  Drone x3  
  79  5:55  Hatchery, Evolution Chamber  
  80  5:57  Drone x2  
  80  5:58  Evolution Chamber  
  80  5:59  Overlord  
  80  6:02  Drone  
  82  6:07  Overlord x3  
  82  6:09  Drone x2  
  82  6:10  Drone  
  85  6:13  Drone  
  86  6:20  Drone x4  
  86  6:21  Zerg Ground Armor Level 1, Glial Reconstitution  
  86  6:24  Overseer  
  90  6:27  Infestation Pit, Drone  
  90  6:29  Metabolic Boost  
  90  6:32  Drone x2  
  91  6:42  Drone x2  
  91  6:43  Drone, Zerg Melee Weapons Level 1  
  91  6:44  Drone  
  94  6:50  Drone  
  94  6:52  Overlord x2  
  95  6:55  Drone, Baneling Nest  
  95  6:56  Drone x2  
  95  6:57  Drone  
  95  6:58  Drone x3  
  95  6:59  Overlord  
  95  7:00  Drone  
  101  7:07  Hive, Infestor x2  
  105  7:09  Roach  
  105  7:12  Roach  
  105  7:14  Roach x2  
  111  7:16  Roach  
  111  7:20  Roach x2  
  114  7:26  Roach  
  114  7:27  Roach x3  
  114  7:29  Roach x2  
  117  7:31  Roach  
  119  7:37  Drone x2  
  119  7:41  Drone x6  
  125  7:46  Centrifugal Hooks  
  125  7:49  Overlord  
  125  7:50  Drone x3  
  128  7:53  Extractor  
  128  7:58  Zergling x8, Ravager x2  
  131  7:59  Ravager  
  131  8:01  Overlord  
  131  8:03  Zergling x4  
  136  8:13  Zergling x6  
  136  8:15  Overlord  
  136  8:19  Ravager  
  140  8:24  Zergling x14  
  146  8:28  Zergling x10  
  146  8:31  Zergling x4  
  146  8:32  Zerg Ground Armor Level 2  
  153  8:34  Overlord x2, Ultralisk Cavern  
  153  8:38  Zerg Melee Weapons Level 2  
  152  8:42  Overlord  
  152  8:45  Zergling x10  
  151  8:49  Zergling x6  
  151  8:53  Zergling x4  
  155  8:57  Zergling x10  
  160  9:04  Baneling x3  
  160  9:05  Baneling  
  160  9:06  Zergling x10  
  160  9:08  Queen  
  167  9:12  Queen  
  169  9:21  Ultralisk x2  
  169  9:22  Overlord x2  
  180  9:25  Chitinous Plating  
  180  9:26  Overlord  
  180  9:27  Overlord  
  180  9:32  Overlord  
  180  9:33  Hatchery  
  180  9:38  Baneling x8  
  179  9:47  Ultralisk x3  
  197  9:54  Zergling x2  
  197  9:55  Zergling x4  
  197  9:57  Baneling x16  
  200  10:12  Baneling x6  
  200  10:20  Hatchery  
  200  10:21  Zergling x2  
  196  10:33  Zergling x46  
  199  10:40  Infestor x2  
  199  10:42  Viper  
  193  10:43  Zergling x10, Hatchery  
  193  10:44  Anabolic Synthesis  
  193  10:47  Zergling x6  
  195  10:50  Zergling x6  
  195  10:51  Zergling x6  
  195  10:53  Zerg Ground Armor Level 3  
  195  10:55  Baneling x7  
  198  10:57  Zergling x2  
  198  11:01  Zergling x2  
  198  11:02  Zergling x10  
  198  11:03  Overseer  
  192  11:04  Pneumatized Carapace  
  192  11:09  Zergling x6  
  192  11:13  Zergling x2  
  175  11:21  Ultralisk, Zergling x20  
  168  11:32  Ultralisk, Zergling x10  
  165  11:37  Ultralisk  
  167  11:40  Zergling x4  
  167  11:46  Ultralisk  
  167  11:47  Zergling x2  
  149  11:58  Zergling x2  
  149  11:59  Zergling x24  
  156  12:02  Zergling x2  
  156  12:04  Ultralisk  
  156  12:07  Baneling x7  
  160  12:09  Overseer  
  160  12:11  Drone  
  160  12:14  Zergling x8  
  166  12:18  Drone x2  
  166  12:20  Spore Crawler  
  167  12:25  Roach x4  
  171  12:34  Zergling x20  
  171  12:36  Baneling  
  171  12:37  Baneling x2  
  169  12:41  Baneling  
  159  12:44  Zergling x10  
  159  12:50  Ultralisk, Zergling x2  
  159  12:51  Zergling x2  
  159  12:58  Zergling x16  
  166  13:01  Roach x4  
  166  13:03  Zerg Melee Weapons Level 3  
  171  13:05  Infestor  
  171  13:07  Ravager x4  
  171  13:08  Zergling x6  
  171  13:10  Zergling x2  
  171  13:20  Baneling  
  171  13:21  Ravager x2  
  171  13:22  Ravager x2  
  169  13:28  Zergling x28  
  169  13:31  Baneling  
  169  13:32  Baneling x4  
  171  13:37  Zergling x2  
  171  13:38  Zergling x4  
  169  13:43  Zergling x6  
  143  13:58  Zergling x16  
  136  14:07  Ultralisk x2  
  136  14:08  Ultralisk  
  154  14:11  Ultralisk  
  154  14:13  Zergling x4  
  162  14:20  Overseer  
  161  14:27  Zergling x8  
  161  14:28  Overseer  
  161  14:31  Zergling x4  
  167  14:33  Overseer  
  167  14:37  Zergling x4  
  164  14:49  Hatchery  
  164  14:50  Zergling x10  
  165  15:03  Ultralisk  
  165  15:04  Overlord  
  164  15:07  Overlord  
  164  15:08  Hatchery, Zergling x8  
  164  15:13  Zergling x2  
  164  15:14  Zergling x2  
  167  15:23  Ultralisk  
  167  15:24  Ultralisk  
  179  15:29  Zergling x8  
  179  15:33  Zergling x2  
  183  15:36  Zergling x2  
  183  15:39  Baneling x5  
  171  15:50  Zergling x8  
  171  15:53  Roach  
  175  15:57  Zergling x2  
  175  15:58  Hatchery  
  175  16:06  Ultralisk x2  
  175  16:10  Zergling x6  
  190  16:15  Infestor x2  
  181  16:19  Overseer  
  181  16:21  Zergling x4  
  171  16:30  Ultralisk  
  171  16:31  Infestor x2  
  156  16:42  Zergling x10  
  161  16:47  Zergling x2  
  161  16:48  Zergling x2  
  161  16:49  Baneling x5  
  161  16:50  Roach  
  161  16:59  Roach x2  
  159  17:02  Roach  
  158  17:09  Roach  
  158  17:10  Ravager  
  157  17:19  Zergling x4  
  159  17:26  Ultralisk  
  154  17:48  Zergling x8